 Dungeon Crawl Stone Soup version 0.17-a0-1939-ga475588 (webtiles) character file.

651 Aarh the Covert (level 7, -3/42 HPs)
             Began as a Kobold Assassin on Sept 29, 2015.
             Slain by an orc warrior
             ... wielding a +0 glaive
              (13 damage)
             ... on level 7 of the Dungeon.
             The game lasted 00:47:37 (5831 turns).

Aarh the Covert (Kobold Assassin)                   Turns: 5831, Time: 00:47:37

Health: -3/42      AC:  5    Str: 12    XL:     7   Next: 83%
Magic:  7/7        EV: 16    Int:  9    God:
Gold:   419        SH:  5    Dex: 17    Spells: 0 memorised, 6 levels left

rFire  . . .     SeeInvis .     y - +2 short sword (venom)
rCold  . . .     Clarity  .     B - +0 leather armour
rNeg   . . .     SustAt   +     m - +0 buckler
rPois  .         Gourm    .     (no helmet)
rElec  .         Spirit   .     i - +0 cloak
rCorr  .         Warding  .     N - +0 pair of gloves
rMut   .         Stasis   .     (no boots)
MR     +....                    (no amulet)
Stlth  ++++......               H - ring of protection from magic
                                E - ring of sustain attributes

@: somewhat resistant to hostile enchantments, stealthy
A: carnivore 3
a: no special abilities


You were on level 7 of the Dungeon.
You were completely stuffed.

You visited 1 branch of the dungeon, and saw 8 of its levels.
You also visited: Sewer.

You collected 419 gold pieces.

Inventory:

Hand weapons
 a - a +1 short sword of venom
   (You took it off a kobold on level 1 of the Dungeon)
 b - a +0 blowgun
 d - a +2 dagger
 q - a +0 long sword of distortion
   (You found it on level 2 of the Dungeon)
 s - a +0 falchion
   (You took it off a kobold on level 2 of the Dungeon)
 w - a +0 war axe
   (You took it off an orc on level 5 of the Dungeon)
 y - a +2 short sword of venom (weapon)
   (You found it on level 4 of the Dungeon)
Missiles
 t - 81 stones (quivered)
Armour
 i - a +0 cloak (worn)
 m - a +0 buckler (worn)
   (You found it on level 2 of the Dungeon)
 B - a +0 leather armour (worn)
   (You found it on level 4 of the Dungeon)
 D - the cursed +0 scale mail "Arell" {MR+ Int+4}
   (You found it on level 5 of the Dungeon)

   It affects your intelligence (+4).
   It affects your resistance to hostile enchantments.
   It has a curse placed upon it.
 N - a +0 pair of gloves (worn)
   (You found it on level 3 of the Dungeon)
Jewellery
 r - an uncursed ring of fire
   (You found it on level 2 of the Dungeon)
 u - a -2 ring of protection
   (You found it on level 4 of the Dungeon)
 E - a ring of sustain attributes (left hand)
   (You found it on level 5 of the Dungeon)
 H - a ring of protection from magic (right hand)
   (You found it on level 6 of the Dungeon)
 K - an uncursed ring of magical power
   (You found it on level 5 of the Dungeon)
Magical devices
 L - a wand of random effects (21)
   (You found it on level 2 of the Dungeon)
 T - a wand of fireball (8)
   (You found it on level 7 of the Dungeon)
Scrolls
 v - a scroll of recharging
 C - 3 scrolls of magic mapping
 O - a scroll of enchant armour {unknown}
Potions
 h - 3 potions of heal wounds {unknown}
 k - 6 potions of curing
 n - 3 potions of ambrosia {unknown}
 p - a potion of poison {unknown}
 z - 2 potions of magic
 A - 2 potions of cancellation {unknown}
 F - a potion of mutation {unknown}
 I - a potion of berserk rage {unknown}
 P - a potion of brilliance {unknown}
 S - a potion of agility {unknown}
Books
 G - a book of Annihilations
   (You found it on level 5 of the Dungeon)
Comestibles
 g - 6 meat rations
 o - a beef jerky


   Skills:
 * Level 3.7 Fighting
 * Level 4.6 Short Blades
 * Level 4.2 Throwing
 + Level 1.1 Armour
 * Level 4.1 Dodging
 * Level 8.1 Stealth
 * Level 1.5 Shields
 * Level 0.3 Spellcasting
 * Level 0.5 Evocations


You had 6 spell levels left.
You didn't know any spells.

Dungeon Overview and Level Annotations

Branches:
Dungeon (8/15)
 Temple: D:4-7         Lair: D:8-11

Altars:
Gozag
Makhleb
Ru
Trog
Vehumet
Xom

Annotations:
D:1 exclusion: downstairs
D:5 Prince Ribbit
D:6 exclusion: downstairs
D:8 exclusion: upstairs, Psyche


Innate Abilities, Weirdness & Mutations

You are small and have problems with some larger weapons.
You are carnivorous and can eat meat at any time.


Message History

Wield which item (- for none, * to show all)? (? for menu, Esc to quit)
Okay, then.
Read which item? (? for menu, Esc to quit)
Okay, then.
Evoke which item? (* to show all) (? for menu, Esc to quit)
Zapping:
T - a wand of fireball (9)
Press: ? - help, Shift-Dir - straight line, f/p - orc warrior
Aim: an orc warrior, wielding a glaive and wearing a chain mail (lightly wounded, poisoned)
The fireball explodes!
The fireball engulfs the orc warrior.
The orc warrior is lightly wounded.
The fireball engulfs the gnoll.
You kill the gnoll!
This wand has 8 charges left.
You hear a shout! x2
The orc warrior completely misses you.
Quiver which item? (- for none, * to show all) (? for menu, Esc to quit)
Okay, then.
Firing (i - inventory. (,) - cycle):
e - 3 poisoned needles (quivered)
Press: ? - help, Shift-Dir - straight line, f/p - orc warrior
Aim: an orc warrior, wielding a glaive and wearing a chain mail (moderately wounded, poisoned)
You shoot a poisoned needle.
The poisoned needle hits the orc warrior!
The orc warrior is moderately wounded.
Firing (i - inventory. (,) - cycle):
e - 2 poisoned needles (quivered)
Press: ? - help, Shift-Dir - straight line, f/p - orc warrior
Aim: an orc warrior, wielding a glaive and wearing a chain mail (heavily wounded, poisoned)
You shoot a poisoned needle.
The poisoned needle barely misses the orc warrior.
You block the orc warrior's attack.
Firing (i - inventory. (,) - cycle):
e - a poisoned needle (quivered)
Press: ? - help, Shift-Dir - straight line, f/p - orc warrior
Aim: an orc warrior, wielding a glaive and wearing a chain mail (heavily wounded, poisoned)
You shoot a poisoned needle.
The poisoned needle closely misses the orc warrior.
Wield which item (- for none, * to show all)? (? for menu, Esc to quit)
It begins to drip with poison!
a - a +1 short sword of venom (weapon)
You block the orc warrior's attack.
Wield which item (- for none, * to show all)? (? for menu, Esc to quit)
Your +1 short sword of venom stops dripping with poison.
It begins to drip with poison!
y - a +2 short sword of venom (weapon)
The orc warrior hits you with a glaive!
* * * LOW HITPOINT WARNING * * *
You hit the orc warrior but do no damage.
The orc warrior is severely wounded.
You hit the orc warrior.
The orc warrior is severely wounded.
The orc warrior hits you with a glaive!
You die...

#...#
#...#
#..(#
#...#
#.(.#
#(..#
#(..#
#o).#
#@..#
#...#
#####


You could see an orc warrior.

Vanquished Creatures
  Monster Symbol All '5'
  2 crimson imps (D:5 D:3)
  A shadow imp (D:7)
3 creatures vanquished. All 'H' A hippogriff (D:7)
1 creature vanquished. All 'J' 2 oozes (D:3)
2 creatures vanquished. All 'K' 9 kobolds (D:1 D:2 Sewer D:3)
9 creatures vanquished. All 'O' 2 ogres (D:5)
2 creatures vanquished. All 'P' 2 plants (Sewer)
2 creatures vanquished. All 'S' 10 adders (D:2 Sewer D:5 D:3 D:7) 2 ball pythons (Sewer)
12 creatures vanquished. All 'Z' A worker ant zombie (D:5) 2 giant gecko skeletons (D:5 D:7) A quokka skeleton (D:4)
4 creatures vanquished. All 'b' 3 bats (D:1 D:3)
3 creatures vanquished. All 'g' A gnoll (D:7) 5 hobgoblins (D:1 D:2 D:3) 3 goblins (D:1 D:2)
9 creatures vanquished. All 'h' 10 jackals (D:2 Sewer D:6)
10 creatures vanquished. All 'l' An iguana (D:5) 5 giant geckos (D:2 D:3 D:4) 4 giant newts (Sewer D:2 D:4)
10 creatures vanquished. All 'o' An orc priest (D:6) An orc wizard (D:6) 7 orcs (D:4 D:3 D:5 D:6)
9 creatures vanquished. All 'r' 2 quokkas (D:3 D:6) 9 rats (D:1 D:2 D:3)
11 creatures vanquished. All 's' 6 giant cockroaches (D:2 D:4 D:5 D:3)
6 creatures vanquished. All 'w' 3 worms (D:2 D:3)
3 creatures vanquished.
96 creatures vanquished. Monster Nature Natural Monsters A hippogriff (D:7) 2 ogres (D:5) An orc priest (D:6) An orc wizard (D:6) An iguana (D:5) A gnoll (D:7) 10 adders (D:2 Sewer D:5 D:3 D:7) 2 oozes (D:3) 3 worms (D:2 D:3) 7 orcs (D:4 D:3 D:5 D:6) 2 ball pythons (Sewer) 3 bats (D:1 D:3) 6 giant cockroaches (D:2 D:4 D:5 D:3) 5 hobgoblins (D:1 D:2 D:3) 10 jackals (D:2 Sewer D:6) 2 quokkas (D:3 D:6) 5 giant geckos (D:2 D:3 D:4) 4 giant newts (Sewer D:2 D:4) 3 goblins (D:1 D:2) 9 kobolds (D:1 D:2 Sewer D:3) 9 rats (D:1 D:2 D:3)
87 creatures vanquished. Undead Monsters A worker ant zombie (D:5) 2 giant gecko skeletons (D:5 D:7) A quokka skeleton (D:4)
4 creatures vanquished. Demonic Monsters 2 crimson imps (D:5 D:3) A shadow imp (D:7)
3 creatures vanquished. Plants 2 plants (Sewer)
2 creatures vanquished.
96 creatures vanquished. Ascending Order A hippogriff (D:7) An orc priest (D:6) An orc wizard (D:6) An iguana (D:5) A worker ant zombie (D:5) A gnoll (D:7) A shadow imp (D:7) A quokka skeleton (D:4) 2 ogres (D:5) 2 crimson imps (D:5 D:3) 2 oozes (D:3) 2 quokkas (D:3 D:6) 2 ball pythons (Sewer) 2 giant gecko skeletons (D:5 D:7) 2 plants (Sewer) 3 worms (D:2 D:3) 3 bats (D:1 D:3) 3 goblins (D:1 D:2) 4 giant newts (Sewer D:2 D:4) 5 hobgoblins (D:1 D:2 D:3) 5 giant geckos (D:2 D:3 D:4) 6 giant cockroaches (D:2 D:4 D:5 D:3) 7 orcs (D:4 D:3 D:5 D:6) 9 rats (D:1 D:2 D:3) 9 kobolds (D:1 D:2 Sewer D:3) 10 adders (D:2 Sewer D:5 D:3 D:7) 10 jackals (D:2 Sewer D:6)
96 creatures vanquished.

Notes
Turn   | Place    | Note
--------------------------------------------------------------
     0 | D:1      | Aarh the Kobold Assassin began the quest for the Orb.
     0 | D:1      | Reached XP level 1. HP: 12/12 MP: 1/1
   212 | D:1      | Reached XP level 2. HP: 9/17 MP: 2/2
   369 | D:1      | Reached skill level 3 in Throwing
   642 | D:2      | Reached XP level 3. HP: 18/22 MP: 3/3
   768 | D:2      | Reached skill level 3 in Short Blades
  1071 | D:3      | Reached skill level 6 in Stealth
  1074 | D:3      | Found a shimmering altar of Xom.
  1082 | D:3      | Reached XP level 4. HP: 22/27 MP: 4/4
  1165 | D:5      | Entered Level 5 of the Dungeon
  1197 | D:4      | Identified a +0 long sword of distortion (You found it on level 2 of the Dungeon)
  1199 | D:4      | Found a glowing drain.
  1249 | Sewer    | Entered a sewer
  1257 | Sewer    | Reached skill level 2 in Dodging
  1656 | Sewer    | Reached skill level 3 in Fighting
  1816 | Sewer    | Reached XP level 5. HP: 21/32 MP: 5/5
  2390 | D:5      | Got a heavily runed scale mail
  2566 | D:5      | Identified a book of Annihilations
  2603 | D:7      | Noticed a sky beast
  2648 | D:7      | Noticed a centaur
  2869 | D:6      | Reached skill level 3 in Dodging
  3003 | D:7      | Noticed an ogre
  3160 | D:5      | Noticed an ogre
  3172 | D:5      | Reached XP level 6. HP: 37/37 MP: 6/6
  3190 | D:5      | Killed an ogre
  3190 | D:5      | Reached skill level 7 in Stealth
  3190 | D:5      | Reached skill level 1 in Shields
  3465 | D:3      | Found a sacrificial altar of Ru.
  3610 | D:2      | Found a faded altar to an unknown god.
  3701 | D:2      | Found a shimmering altar of Xom.
  3790 | D:3      | Reached skill level 4 in Short Blades
  3874 | D:3      | Found an opulent altar of Gozag.
  4328 | D:3      | Reached XP level 7. HP: 41/41 MP: 7/7
  4849 | D:5      | Noticed Prince Ribbit
  4860 | D:5      | Noticed an ogre
  4906 | D:5      | Killed an ogre
  4906 | D:5      | Reached skill level 4 in Dodging
  5070 | D:6      | Reached skill level 1 in Armour
  5082 | D:5      | Reached skill level 4 in Throwing
  5405 | D:7      | Noticed a hippogriff
  5430 | D:7      | Killed a hippogriff
  5430 | D:7      | Reached skill level 8 in Stealth
  5526 | D:7      | Noticed a yak
  5527 | D:7      | Noticed a yak
  5615 | D:7      | Found a bloodstained altar of Trog.
  5615 | D:7      | Found a radiant altar of Vehumet.
  5674 | D:8      | Identified the cursed +0 scale mail "Arell" {MR+ Int+4} (You found it on level 5 of the Dungeon)
  5695 | D:8      | Found a burning altar of Makhleb.
  5752 | D:8      | Noticed Psyche
  5785 | D:7      | Noticed a yak
  5806 | D:7      | Noticed an orc warrior
  5829 | D:7      | HP: 9/42 [orc warrior/glaive (14)]
  5831 | D:7      | Slain by an orc warrior

Vault maps used:
D:1:      moated_graveyard_arrival, minmay_unequal
D:2:      xom_butterflies, first_bread, ecumenical_altar_1
D:3:      nicolae_gozag_cash_rules_everything_around_me, hangedman_ru_absence,
          xom_teletrap_fun
D:4:      portal_sewer_entry_f, nicolae_ossuary_entry_plus
D:5:      uniq_prince_ribbit1
D:6:      kennysheep_kobold_camp
D:7:      ashenzari_altar_1, gammafunk_temple_overflow_wave, temple_fountains
D:8:      lemuel_crystal_altar, uniq_psyche
Sewer:    sewer_co_scattered_pipes

Action                   |  1- 3 |  4- 6 |  7- 9 || total
-------------------------+-------+-------+-------++-------
Melee: Dagger            |    15 |     3 |       ||    18
       Short sword       |    46 |   217 |    42 ||   305
 Fire: Blowgun           |     6 |    13 |    18 ||    37
Throw: Stone             |       |     5 |     5 ||    10
Evoke: Wand              |       |       |     1 ||     1
  Use: Scroll            |       |    10 |     4 ||    14
 Stab: Sleeping          |     7 |    16 |     4 ||    27
  Eat: Chunk             |     9 |    10 |     5 ||    24
Dungeon Crawl Stone Soup version 0.17-a0-1939-ga475588 (webtiles) character file. 651 Aarh the Covert (level 7, -3/42 HPs) Began as a Kobold Assassin on Sept 29, 2015. Slain by an orc warrior ... wielding a +0 glaive (13 damage) ... on level 7 of the Dungeon. The game lasted 00:47:37 (5831 turns). Dungeon Overview and Level Annotations Branches: Dungeon (8/15) Temple: D:4-7 Lair: D:8-11 Altars: Gozag Makhleb Ru Trog Vehumet Xom Annotations: D:1 exclusion: downstairs D:5 Prince Ribbit D:6 exclusion: downstairs D:8 exclusion: upstairs, Psyche Aarh the Covert (Kobold Assassin) Turns: 5831, Time: 00:47:37 Health: -3/42 AC: 5 Str: 12 XL: 7 Next: 83% Magic: 7/7 EV: 16 Int: 9 God: Gold: 419 SH: 5 Dex: 17 Spells: 0 memorised, 6 levels left rFire . . . SeeInvis . y - +2 short sword (venom) rCold . . . Clarity . B - +0 leather armour rNeg . . . SustAt + m - +0 buckler rPois . Gourm . (no helmet) rElec . Spirit . i - +0 cloak rCorr . Warding . N - +0 pair of gloves rMut . Stasis . (no boots) MR +.... (no amulet) Stlth ++++...... H - ring of protection from magic E - ring of sustain attributes @: somewhat resistant to hostile enchantments, stealthy A: carnivore 3 a: no special abilities Innate Abilities, Weirdness & Mutations You are small and have problems with some larger weapons. You are carnivorous and can eat meat at any time. Skills: * Level 3.7 Fighting * Level 4.6 Short Blades * Level 4.2 Throwing + Level 1.1 Armour * Level 4.1 Dodging * Level 8.1 Stealth * Level 1.5 Shields * Level 0.3 Spellcasting * Level 0.5 Evocations You had 6 spell levels left. You didn't know any spells. You were on level 7 of the Dungeon. You were completely stuffed. You visited 1 branch of the dungeon, and saw 8 of its levels. You also visited: Sewer. You collected 419 gold pieces. You could see an orc warrior. Message History Wield which item (- for none, * to show all)? (? for menu, Esc to quit) Okay, then. Read which item? (? for menu, Esc to quit) Okay, then. Evoke which item? (* to show all) (? for menu, Esc to quit) Zapping: T - a wand of fireball (9) Press: ? - help, Shift-Dir - straight line, f/p - orc warrior Aim: an orc warrior, wielding a glaive and wearing a chain mail (lightly wounded, poisoned) The fireball explodes! The fireball engulfs the orc warrior. The orc warrior is lightly wounded. The fireball engulfs the gnoll. You kill the gnoll! This wand has 8 charges left. You hear a shout! x2 The orc warrior completely misses you. Quiver which item? (- for none, * to show all) (? for menu, Esc to quit) Okay, then. Firing (i - inventory. (,) - cycle): e - 3 poisoned needles (quivered) Press: ? - help, Shift-Dir - straight line, f/p - orc warrior Aim: an orc warrior, wielding a glaive and wearing a chain mail (moderately wounded, poisoned) You shoot a poisoned needle. The poisoned needle hits the orc warrior! The orc warrior is moderately wounded. Firing (i - inventory. (,) - cycle): e - 2 poisoned needles (quivered) Press: ? - help, Shift-Dir - straight line, f/p - orc warrior Aim: an orc warrior, wielding a glaive and wearing a chain mail (heavily wounded, poisoned) You shoot a poisoned needle. The poisoned needle barely misses the orc warrior. You block the orc warrior's attack. Firing (i - inventory. (,) - cycle): e - a poisoned needle (quivered) Press: ? - help, Shift-Dir - straight line, f/p - orc warrior Aim: an orc warrior, wielding a glaive and wearing a chain mail (heavily wounded, poisoned) You shoot a poisoned needle. The poisoned needle closely misses the orc warrior. Wield which item (- for none, * to show all)? (? for menu, Esc to quit) It begins to drip with poison! a - a +1 short sword of venom (weapon) You block the orc warrior's attack. Wield which item (- for none, * to show all)? (? for menu, Esc to quit) Your +1 short sword of venom stops dripping with poison. It begins to drip with poison! y - a +2 short sword of venom (weapon) The orc warrior hits you with a glaive! * * * LOW HITPOINT WARNING * * * You hit the orc warrior but do no damage. The orc warrior is severely wounded. You hit the orc warrior. The orc warrior is severely wounded. The orc warrior hits you with a glaive! You die...

Action                   |  1- 3 |  4- 6 |  7- 9 || total
-------------------------+-------+-------+-------++-------
Melee: Dagger            |    15 |     3 |       ||    18
       Short sword       |    46 |   217 |    42 ||   305
 Fire: Blowgun           |     6 |    13 |    18 ||    37
Throw: Stone             |       |     5 |     5 ||    10
Evoke: Wand              |       |       |     1 ||     1
  Use: Scroll            |       |    10 |     4 ||    14
 Stab: Sleeping          |     7 |    16 |     4 ||    27
  Eat: Chunk             |     9 |    10 |     5 ||    24
Notes Turn | Place | Note -------------------------------------------------------------- 0 | D:1 | Aarh the Kobold Assassin began the quest for the Orb. 0 | D:1 | Reached XP level 1. HP: 12/12 MP: 1/1 212 | D:1 | Reached XP level 2. HP: 9/17 MP: 2/2 369 | D:1 | Reached skill level 3 in Throwing 642 | D:2 | Reached XP level 3. HP: 18/22 MP: 3/3 768 | D:2 | Reached skill level 3 in Short Blades 1071 | D:3 | Reached skill level 6 in Stealth 1074 | D:3 | Found a shimmering altar of Xom. 1082 | D:3 | Reached XP level 4. HP: 22/27 MP: 4/4 1165 | D:5 | Entered Level 5 of the Dungeon 1197 | D:4 | Identified a +0 long sword of distortion (You found it on level 2 of the Dungeon) 1199 | D:4 | Found a glowing drain. 1249 | Sewer | Entered a sewer 1257 | Sewer | Reached skill level 2 in Dodging 1656 | Sewer | Reached skill level 3 in Fighting 1816 | Sewer | Reached XP level 5. HP: 21/32 MP: 5/5 2390 | D:5 | Got a heavily runed scale mail 2566 | D:5 | Identified a book of Annihilations 2603 | D:7 | Noticed a sky beast 2648 | D:7 | Noticed a centaur 2869 | D:6 | Reached skill level 3 in Dodging 3003 | D:7 | Noticed an ogre 3160 | D:5 | Noticed an ogre 3172 | D:5 | Reached XP level 6. HP: 37/37 MP: 6/6 3190 | D:5 | Killed an ogre 3190 | D:5 | Reached skill level 7 in Stealth 3190 | D:5 | Reached skill level 1 in Shields 3465 | D:3 | Found a sacrificial altar of Ru. 3610 | D:2 | Found a faded altar to an unknown god. 3701 | D:2 | Found a shimmering altar of Xom. 3790 | D:3 | Reached skill level 4 in Short Blades 3874 | D:3 | Found an opulent altar of Gozag. 4328 | D:3 | Reached XP level 7. HP: 41/41 MP: 7/7 4849 | D:5 | Noticed Prince Ribbit 4860 | D:5 | Noticed an ogre 4906 | D:5 | Killed an ogre 4906 | D:5 | Reached skill level 4 in Dodging 5070 | D:6 | Reached skill level 1 in Armour 5082 | D:5 | Reached skill level 4 in Throwing 5405 | D:7 | Noticed a hippogriff 5430 | D:7 | Killed a hippogriff 5430 | D:7 | Reached skill level 8 in Stealth 5526 | D:7 | Noticed a yak 5527 | D:7 | Noticed a yak 5615 | D:7 | Found a bloodstained altar of Trog. 5615 | D:7 | Found a radiant altar of Vehumet. 5674 | D:8 | Identified the cursed +0 scale mail "Arell" {MR+ Int+4} (You found it on level 5 of the Dungeon) 5695 | D:8 | Found a burning altar of Makhleb. 5752 | D:8 | Noticed Psyche 5785 | D:7 | Noticed a yak 5806 | D:7 | Noticed an orc warrior 5829 | D:7 | HP: 9/42 [orc warrior/glaive (14)] 5831 | D:7 | Slain by an orc warrior

Table legend:
 A = Turns spent in this place as a percentage of turns spent in the entire game.
 B = Non-inter-level travel turns spent in this place as a percentage of non-inter-level travel turns spent in the entire game.
 C = Inter-level travel turns spent in this place as a percentage of turns spent in this place.
 D = Turns resting spent in this place as a percentage of non-inter-level travel turns spent in this place.
 E = Turns spent auto-exploring this place as a percentage of non-inter-level travel turns spent in this place.
 F = Non-inter-level travel turns spent in this place divided by the number of levels of this place that you've seen.
                   A       B       C       D       E      F
               +-------+-------+-------+-------+-------+----------------------
         Total | 100.0 | 100.0 |   0.1 |   1.0 |   3.9 | 298.3
       Dungeon |  87.1 |  87.1 |   0.1 |   1.0 |   3.7 | 292.2
         Sewer |  12.9 |  12.9 |   0.0 |   1.4 |   5.2 | 347.0
               +-------+-------+-------+-------+-------+----------------------

Table legend:
 A = Kills in this place as a percentage of kills in entire the game.
 B = Kills by you in this place as a percentage of kills by you in the entire game.
 C = Kills by friends in this place as a percentage of kills by friends in the entire game.
 D = Other kills in this place as a percentage of other kills in the entire game.
 E = Experience gained in this place as a percentage of experience gained in the entire game.
 F = Experience gained in this place divided by the number of levels of this place that you have seen.
                   A       B       C       D       E      F
               +-------+-------+-------+-------+-------+----------------------
         Total | 100.0 | 100.0 |  -nan |  -nan | 100.0 | 103.3
       Dungeon |  85.1 |  85.1 |  -nan |  -nan |  92.5 | 107.5
         Sewer |  14.9 |  14.9 |  -nan |  -nan |   7.5 |  70.0
               +-------+-------+-------+-------+-------+----------------------

Vault maps used:
D:1:      moated_graveyard_arrival, minmay_unequal
D:2:      xom_butterflies, first_bread, ecumenical_altar_1
D:3:      nicolae_gozag_cash_rules_everything_around_me, hangedman_ru_absence,
          xom_teletrap_fun
D:4:      portal_sewer_entry_f, nicolae_ossuary_entry_plus
D:5:      uniq_prince_ribbit1
D:6:      kennysheep_kobold_camp
D:7:      ashenzari_altar_1, gammafunk_temple_overflow_wave, temple_fountains
D:8:      lemuel_crystal_altar, uniq_psyche
Sewer:    sewer_co_scattered_pipes
